AoeStats
← Random

Arena

507839556Analyzed
4v4 RM · 13d ago on Sep 19, 2026· 45m 44s· 8 players
Game mode
Random Map
Map size
Large (8 player)
Population
200
Speed
Normal
Resources
Standard
Victory
Conquest
Starting age
Dark Age
Ending age
Imperial Age
RankedLock teamsTeams togetherTeam positionsShared explorationLock speedFull tech treeHidden civsTurbo modeCheats
Victory
Defeat
🇷🇺 Poles · Russia
1725
+10
🇦🇷 Bengalis · Argentina
1484
+20
🇨🇴 Tatars · Colombia
1421
+22
🇲🇽 Khmer · Mexico
1396
+23
🇺🇸 Saracens · United States
1697
-24
🇺🇸 Britons · United States
1575
-19
🇨🇳 Franks · China
1520
-17
🇺🇸 Ethiopians · United States
1479
-15
ila
10:48 Feudal Age
14:37 Castle Age
12:24 Double-Bit Axe
12:56 Horse Collar
15:41 Bow Saw
15:33 Heavy Plow
16:01 Loom
21:28 Wheelbarrow
24:31 Gold Mining
24:45 Town Watch
26:30 Stone Mining
27:32 Scale Mail Armor
27:43 Forging
28:21 Squires
28:40 Chain Mail Armor
28:41 Hand Cart
28:37 Fletching
32:13 Imperial Age
30:42 Iron Casting
32:18 Halberdier
33:28 Plate Mail Armor
34:00 Blast Furnace
34:57 Conscription
34:54 Fletching
35:28 Ballistics
35:09 Man-at-Arms
36:19 Bodkin Arrow
36:02 Long Swordsman
36:49 Two-Handed Swordsman
38:09 Bracer
39:41 Coinage
41:28 Chemistry
43:20 Masonry
46:12 Padded Archer Armor
Random
10:25 Feudal Age
10:55 Loom
11:27 Town Watch
12:29 Double-Bit Axe
12:25 Horse Collar
14:30 Wheelbarrow
20:29 Castle Age
22:46 Bow Saw
22:36 Heavy Plow
22:47 Heavy Plow
28:17 Hand Cart
28:05 Town Patrol
31:25 Imperial Age
29:40 Fortified Wall
30:00 Fletching
30:32 Ballistics
30:03 Gold Mining
31:55 Bodkin Arrow
32:12 Masonry
32:47 Padded Archer Armor
33:57 Chemistry
39:46 Conscription
41:23 Bracer
JunkDogJoe
9:46 Feudal Age
13:49 Castle Age
11:58 Double-Bit Axe
18:43 Horse Collar
20:54 Bow Saw
21:37 Wheelbarrow
21:17 Heavy Plow
22:25 Loom
25:04 Hand Cart
25:00 Stone Mining
25:01 Gold Mining
27:48 Imperial Age
26:42 Scale Barding Armor
26:47 Forging
27:46 Chain Barding Armor
28:46 Bloodlines
28:36 Husbandry
28:37 Elite Mameluke
30:06 Plate Barding Armor
31:25 Iron Casting
30:55 Town Watch
31:06 Fletching
32:23 Chemistry
31:45 Ballistics
31:37 Masonry
33:56 Conscription
33:47 Onager
35:30 Fortified Wall
35:28 Fletching
36:09 Counterweights
36:57 Bodkin Arrow
36:24 Elite Skirmisher
38:27 Bracer
38:29 Padded Archer Armor
40:08 Siege Onager
42:24 Siege Engineers
42:38 Leather Archer Armor
我是你巴巴
10:03 Feudal Age
13:47 Castle Age
11:37 Double-Bit Axe
15:02 Bow Saw
19:30 Wheelbarrow
19:07 Loom
20:59 Gold Mining
27:06 Imperial Age
24:54 Hand Cart
25:13 Scale Barding Armor
25:19 Forging
25:10 Town Watch
26:08 Husbandry
26:31 Chain Barding Armor
27:10 Cavalier
28:27 Plate Barding Armor
27:39 Light Cavalry
28:31 Paladin
29:51 Iron Casting
30:50 Conscription
31:57 Blast Furnace
33:03 Gold Shaft Mining
32:01 Capped Ram
34:44 Fletching
34:55 Padded Archer Armor
35:48 Chivalry
36:20 Elite Skirmisher
38:04 Chemistry
37:52 Bodkin Arrow
38:12 Leather Archer Armor
43:28 Ballistics
edengr7
10:01 Feudal Age
13:37 Castle Age
11:46 Horse Collar
12:36 Double-Bit Axe
20:23 Loom
21:20 Wheelbarrow
22:09 Bow Saw
22:58 Heavy Plow
24:47 Stone Mining
29:13 Imperial Age
27:46 Hand Cart
27:47 Pikeman
28:57 Forging
28:50 Scale Mail Armor
29:56 Chain Mail Armor
31:03 Iron Casting
31:09 Ballistics
30:41 Halberdier
32:08 Heavy Scorpion
34:25 Conscription
36:07 Blast Furnace
34:46 Capped Ram
36:26 Siege Engineers
39:01 Chemistry
38:09 Double Crossbow
40:16 Siege Ram
43:59 Arson
[Tunjos]Acordeon
6:52 Loom
9:09 Feudal Age
10:39 Double-Bit Axe
12:08 Fletching
16:18 Town Watch
16:30 Horse Collar
23:11 Wheelbarrow
25:57 Castle Age
24:52 Forging
27:34 Bow Saw
28:45 Husbandry
29:16 Hand Cart
30:40 Gold Mining
36:23 Imperial Age
34:16 Bodkin Arrow
35:02 Padded Archer Armor
37:12 Bracer
37:44 Conscription
38:22 Ballistics
39:35 Chemistry
39:59 Leather Archer Armor
40:40 Siege Engineers
42:59 Ring Archer Armor
42:25 Heavy Cavalry Archer
45:16 Iron Casting
44:46 Scale Barding Armor
AWAKALTA
10:41 Feudal Age
14:33 Castle Age
13:25 Double-Bit Axe
21:43 Sanctity
22:35 Wheelbarrow
21:57 Horse Collar
22:42 Bow Saw
23:42 Fletching
25:09 Hand Cart
24:40 Town Watch
25:31 Loom
29:44 Imperial Age
28:32 Bodkin Arrow
28:59 Ballistics
28:56 Padded Archer Armor
30:29 Paiks
30:33 Bracer
31:10 Conscription
30:39 Elite Elephant Archer
33:39 Leather Archer Armor
34:12 Husbandry
35:32 Chemistry
35:31 Gold Mining
36:21 Ring Archer Armor
36:02 Bloodlines
39:25 Mahayana
40:53 Caravan
Fresh To Death
11:01 Feudal Age
11:58 Double-Bit Axe
11:59 Horse Collar
15:05 Castle Age
16:02 Heavy Plow
16:12 Bow Saw
20:45 Wheelbarrow
20:41 Stone Mining
21:51 Hand Cart
21:31 Gold Mining
22:18 Stone Shaft Mining
26:37 Imperial Age
24:30 Loom
24:53 Scale Barding Armor
25:55 Chain Barding Armor
25:46 Forging
26:28 Szlachta Privileges
26:55 Scale Mail Armor
27:40 Conscription
27:53 Crop Rotation
27:01 Cavalier
27:54 Bloodlines
27:44 Husbandry
29:26 Iron Casting
31:31 Blast Furnace
31:34 Scale Mail Armor
33:20 Chain Mail Armor
33:11 Elite Obuch
33:57 Squires
33:42 Arson
34:32 Plate Mail Armor
34:50 Fletching
35:11 Masonry
35:19 Light Cavalry
36:37 Bodkin Arrow
37:03 Ballistics
37:44 Chemistry
37:52 Bracer
38:13 Town Watch
38:25 Murder Holes
39:14 Capped Ram
41:31 Hoardings
40:44 Siege Ram
43:31 Siege Engineers
Connection lost

Rejoining the realm…

Still unreachable

The connection could not be restored.

Session expired

The server has moved on; the page needs a fresh start.